 Dungeon Crawl Stone Soup version 0.26.0-41-g79a4fc7684 (webtiles) character file.

Game seed: 17435586117926373834

5075 kaeus the Cleaver (level 10, -2/90 HPs)
             Began as a Minotaur Berserker on Jan 26, 2021.
             Was a High Priest of Trog.
             Slain by a komodo dragon (19 damage)
             ... on level 1 of the Lair of Beasts.
             The game lasted 00:10:20 (7229 turns).

kaeus the Cleaver (Minotaur Berserker)              Turns: 7229, Time: 00:10:21

Health: -2/90      AC: 11    Str: 22    XL:     10   Next: 31%
Magic:  9/9        EV: 17    Int:  4    God:    Trog [*****.]
Gold:   737        SH:  0    Dex: 23    Spells: 9/9 levels left

rFire    + + .     SeeInvis .   I - +5 hand axe (freeze)
rCold    + . .     Faith    .   (no shield)
rNeg     . . .     Spirit   .   y - +1 ring mail {rF+}
rPois    .         Reflect  .   (helmet restricted)
rElec    .         Harm     .   q - scarf {rC+ rF+}
rCorr    .         Rampage  .   p - +0 pair of gloves
Will     .....                  o - +1 pair of boots
Stlth    +.........             t - amulet of the acrobat
HPRegen  0.65/turn              E - +6 ring of dexterity
MPRegen  0.11/turn              f - +6 ring of dexterity

@: no status effects
A: retaliatory headbutt, horns 2, regeneration 1, screaming 1, weak 1, wild
magic 1
a: Renounce Religion, Berserk, Trog's Hand, Brothers in Arms


You were on level 1 of the Lair of Beasts.
You worshipped Trog.
Trog was extremely pleased with you.
You visited 2 branches of the dungeon, and saw 10 of its levels.

You collected 737 gold pieces.

Inventory:

Hand Weapons
 I - a +5 hand axe of freezing (weapon)
Armour
 o - a +1 pair of boots (worn)
 p - a +0 pair of gloves (worn)
 q - a scarf of resistance (worn)
 y - a +1 ring mail of fire resistance (worn)
 J - the +1 robe "Apsak" {Will++}
   (You found it on level 7 of the Dungeon)

   It affects your willpower, your defense against some magical effects.
Jewellery
 b - a +4 ring of evasion
 f - a +6 ring of dexterity (right hand)
 l - a +4 ring of evasion
 t - an amulet of the acrobat (around neck)
 u - an uncursed amulet of magic regeneration
 v - an uncursed ring of fire
 x - an uncursed ring of ice
 z - an uncursed amulet of regeneration {unknown}
 D - an uncursed ring of protection from fire
 E - a +6 ring of dexterity (left hand)
 Q - an uncursed ring of positive energy {unknown}
Wands
 a - a wand of random effects (23)
 n - a wand of iceblast (12)
 A - a wand of flame (29)
 N - a wand of enslavement (10)
 P - a wand of digging (4)
Scrolls
 d - 6 scrolls of teleportation
 i - a scroll of magic mapping
 m - a scroll of enchant weapon
 B - a scroll of remove curse
 C - 3 scrolls of fear
 F - a scroll of fog
 K - a scroll of noise {unknown}
 L - a scroll of blinking {unknown}
 M - a scroll of identify
Potions
 c - 3 potions of might
 e - 9 potions of curing
 g - 2 potions of lignification
 h - 2 potions of flight
 j - 2 potions of cancellation
 k - 4 potions of heal wounds
 r - a potion of attraction
 s - a potion of brilliance {unknown}
 w - a potion of degeneration {unknown}
 G - a potion of haste
 H - a potion of magic
 O - a potion of berserk rage {unknown}


   Skills:
 + Level 8.7 Fighting
 * Level 11.4 Axes
 + Level 8.2 Armour
 + Level 7.4 Dodging
 + Level 4.0 Evocations


You had 9 spell levels left.
You didn't know any spells.
Your spell library was empty.

Dungeon Overview and Level Annotations

Branches:
Dungeon (9/15)             Temple (0/1) D:4            Lair (1/6) D:9
    Orc: D:9-12

Altars:
Dithmenos
Gozag
Okawaru
Qazlal
Ru
Sif Muna
Xom


Innate Abilities, Weirdness & Mutations

You reflexively headbutt those who attack you in melee.
You have a pair of horns on your head.
Your natural rate of healing is unusually fast.
You occasionally shout uncontrollably at your foes.
You are weak. (Str -2)
Your spells are a little harder to cast, but a little more powerful.


Message History

The basilisk closely misses you. You furiously retaliate!
You headbutt the basilisk.
Your Evocations skill increases to level 4!
You closely miss the basilisk.
The basilisk is almost dead.
You hit the komodo dragon.
The komodo dragon seems to slow down.
You freeze the komodo dragon. The komodo dragon bites you!!
* * * LOW HITPOINT WARNING * * *
The basilisk closely misses you. You furiously retaliate!
You headbutt the basilisk!
You kill the basilisk!
Trog accepts your kill.
You take 22 damage, and have 16/90 hp.
MASSIVE DAMAGE!!
Found 2 potions of curing.
You see here a basilisk corpse.
You hit the komodo dragon. You freeze the komodo dragon.
You headbutt the komodo dragon.
The komodo dragon is heavily wounded.
The komodo dragon bites you!!
You die...

≈≈≈≈≈≈≈≈≈≈≈♣
≈≈≈≈≈≈≈≈≈≈≈♣
≈P≈P≈≈≈P≈≈P#
≈≈≈≈≈≈≈≈≈≈≈#
≈P≈≈≈≈≈≈≈≈≈#
≈≈≈≈≈≈≈≈≈≈≈####
≈P≈≈≈≈≈†≈≈≈##.###
≈≈.≈≈.)@.≈≈.....#
.......l.......##
!..............P# ###
...##.####..##..###.##
.. ..# #...........# .
... ###.#######.# #..
#.# #.# #.. #.# ##.#
#..#


You could see a komodo dragon (slow).

Vanquished Creatures
  Erolcha (D:9)
  A black mamba (Lair:1)
  A cane toad (D:9)
  A komodo dragon (D:9)
  A wyvern (D:9)
  2 basilisks (Lair:1)
  A wraith (D:9)
  Eustachio (D:6)
  3 yaks (Lair:1)
  Menkaure (D:4)
  2 ice beasts
  A water moccasin (Lair:1)
  A phantom (D:9)
  3 ogres
  3 bullfrogs
  2 wyvern skeletons (D:9)
  4 scorpions
  4 wights (D:9)
  An electric eel (Lair:1)
  A centaur skeleton (D:4)
  An orc priest (D:6)
  3 hounds
  4 orc wizards
  A jelly (D:6)
  An iguana (D:9)
  8 worker ants
  Robin (D:3)
  11 gnolls
  A howler monkey skeleton (D:4)
  9 adders
  A white imp (D:7)
  2 oozes
  An adder zombie (D:6)
  An adder skeleton (D:8)
  4 worms
  A dart slug (D:1)
  10 leopard geckos
  12 orcs
  3 ball pythons
  3 bats
  5 giant cockroaches
  13 goblins
  12 hobgoblins
  13 jackals
  5 kobolds
  5 quokkas
  9 frilled lizards
  A giant cockroach zombie (D:5)
  3 leopard gecko skeletons
  10 rats
189 creatures vanquished.

Vanquished Creatures (others)
  6 plants (Lair:1)
6 creatures vanquished.

Grand Total: 195 creatures vanquished

Notes
Turn   | Place    | Note
-------+----------+-------------------------------------------
     0 | D:1      | kaeus the Minotaur Berserker began the quest for the Orb.
     0 | D:1      | Reached XP level 1. HP: 19/19 MP: 0/0
   390 | D:1      | Reached skill level 4 in Axes
   390 | D:1      | Reached XP level 2. HP: 14/27 MP: 1/1
   995 | D:2      | Reached XP level 3. HP: 24/33 MP: 2/2
  1610 | D:2      | Noticed an ogre
  1618 | D:2      | Killed an ogre
  1619 | D:2      | Reached skill level 5 in Axes
  1619 | D:2      | Reached XP level 4. HP: 26/41 MP: 3/3
  1773 | D:3      | Reached XP level 5. HP: 46/47 MP: 4/4
  1860 | D:3      | Reached ** piety under Trog
  1875 | D:3      | Found a faded altar of an unknown god.
  2280 | D:3      | Noticed Robin
  2292 | D:3      | Killed Robin
  2392 | D:3      | Reached XP level 6. HP: 55/55 MP: 5/5
  2412 | D:3      | Reached *** piety under Trog
  2559 | D:3      | Gained mutation: You are clumsy. (Dex -2) [potion of
                  | mutation]
  2559 | D:3      | Gained mutation: Your spells are a little harder to cast,
                  | but a little more powerful. [potion of mutation]
  2559 | D:3      | Gained mutation: You are weak. (Str -2) [potion of
                  | mutation]
  2559 | D:3      | Gained mutation: Your natural rate of healing is unusually
                  | fast. [potion of mutation]
  3090 | D:4      | Found a staircase to the Ecumenical Temple.
  3109 | D:4      | Reached skill level 5 in Fighting
  3125 | D:4      | Reached skill level 6 in Axes
  3239 | D:4      | Noticed Menkaure
  3246 | D:4      | Killed Menkaure
  3380 | D:4      | Found a shimmering blue altar of Sif Muna.
  3534 | D:4      | Reached XP level 7. HP: 41/61 MP: 6/6
  3837 | D:4      | Lost mutation: You are clumsy. (Dex -2) [potion of
                  | mutation]
  3837 | D:4      | Lost mutation: Your spells are a little harder to cast, but
                  | a little more powerful. [potion of mutation]
  3837 | D:4      | Gained mutation: You occasionally shout uncontrollably at
                  | your foes. [potion of mutation]
  3837 | D:4      | Gained mutation: Your spells are a little harder to cast,
                  | but a little more powerful. [potion of mutation]
  3882 | D:5      | Entered Level 5 of the Dungeon
  4288 | D:5      | Reached skill level 7 in Axes
  4365 | D:5      | Reached skill level 5 in Armour
  4707 | D:6      | Noticed Eustachio
  4710 | D:6      | Reached **** piety under Trog
  4715 | D:6      | Reached skill level 5 in Dodging
  4715 | D:6      | Reached XP level 8. HP: 41/70 MP: 7/7
  4716 | D:6      | Reached skill level 8 in Axes
  4732 | D:6      | Killed Eustachio
  5745 | D:7      | Got a heavily jewelled robe
  5763 | D:7      | Identified the +1 robe "Apsak" {Will++} (You found it on
                  | level 7 of the Dungeon)
  5968 | D:8      | Reached skill level 1 in Evocations
  5997 | D:8      | Found an opulent altar of Gozag.
  6200 | D:8      | Found a sacrificial altar of Ru.
  6203 | D:8      | Found a stormy altar of Qazlal.
  6205 | D:8      | Found a shimmering altar of Xom.
  6211 | D:8      | Found a shadowy altar of Dithmenos.
  6303 | D:9      | Reached skill level 9 in Axes
  6384 | D:9      | Found an iron altar of Okawaru.
  6413 | D:9      | Reached XP level 9. HP: 75/79 MP: 8/8
  6456 | D:9      | Found a staircase to the Lair.
  6600 | D:9      | Noticed Erolcha
  6616 | D:9      | Killed Erolcha
  6617 | D:9      | Reached skill level 10 in Axes
  6922 | Lair:1   | Entered Level 1 of the Lair of Beasts
  6922 | Lair:1   | Noticed a komodo dragon
  6923 | Lair:1   | Noticed a cane toad
  6936 | D:9      | Killed a komodo dragon
  6937 | D:9      | Killed a cane toad
  6938 | D:9      | Reached XP level 10. HP: 89/89 MP: 9/9
  6997 | Lair:1   | Noticed a black mamba
  7002 | Lair:1   | Killed a black mamba
  7002 | Lair:1   | Reached ***** piety under Trog
  7003 | Lair:1   | Reached skill level 11 in Axes
  7229 | Lair:1   | Slain by a komodo dragon

Illustrated notes

Levels and vault maps discovered:
D:1:      shiori_arrival_elements, layout_loops_cross, minmay_3d_cube
D:2:      layout_basic
D:3:      layout_loops_ring, chequers_ecumenical_altar_simple,
          minmay_tree_intersection, uniq_robin
D:4:      layout_gridville, minmay_temple_entry_arrows, minmay_misc_feat_room,
          lemuel_blue_sif_altar, uniq_menkaure
D:5:      minmay_evil_eye, layout_loops_corners
D:6:      layout_basic, uniq_eustachio
D:7:      layout_rooms
D:8:      layout_rooms, grunt_temple_overflow_open, nicolae_zen_rock_garden,
          nicolae_gozag_cash_rules_everything_around_me
D:9:      layout_irregular_city, kennysheep_little_box, lair_entry_dummy,
          uniq_erolcha
Lair:1:   layout_gridlike, st_stairs_9, serial_bayou_shore_a, grunt_megastairs_2

Skill      XL: |  1  2  3  4  5  6  7  8  9 10 |
---------------+-------------------------------+-----
Axes           | 4 5 6 7 9 10 11 | 11.4
Fighting       | 4 5 6 7 8 |  8.7
Armour         | 3 4 5 6 7 8 |  8.2
Dodging        | 3 4 5 6 7 |  7.4
Evocations     | 1 3 4 |  4.0

Action                   |  1- 3 |  4- 6 |  7- 9 | 10-12 || total
-------------------------+-------+-------+-------+-------++-------
Melee: Hand axe          |    73 |   107 |   196 |    23 ||   399
       Headbutt          |    16 |    21 |    59 |    10 ||   106
Invok: Berserk           |       |       |     3 |       ||     3
  Use: Potion            |       |     6 |     2 |       ||     8
       Scroll            |       |     6 |    14 |       ||    20
 Stab: Sleeping          |       |       |     1 |       ||     1
Armor: Animal skin       |     1 |       |       |       ||     1
       Ring mail         |     7 |    23 |    34 |     2 ||    66
       Skin              |       |       |    15 |       ||    15
       Robe              |       |       |     1 |       ||     1
Dodge: Dodged            |    33 |   109 |   183 |    19 ||   344
